 Dungeon Crawl Stone Soup version 0.28-b1-1-g3c77fb2ed1 (webtiles) character file.

Game seed: 11385388880059162938

22691 crazypyro the Cleaver (level 12, -3/112 HPs)
             Began as a Minotaur Fighter on Jan 29, 2022.
             Was an Initiate of Gozag.
             Slain by a lindwurm (4 damage)
             ... on level 2 of the Lair of Beasts.
             The game lasted 00:22:32 (15054 turns).

crazypyro the Cleaver (Minotaur Fighter)           Turns: 15054, Time: 00:22:32

Health: -3/112     AC: 16    Str: 26    XL:     12   Next: 65%
Magic:  11/11      EV: 11    Int:  5    God:    Gozag
Gold:   939        SH: 10    Dex: 10    Spells: 11/11 levels left

rFire   . . .      SeeInvis .   E - +2 war axe (flame)
rCold   + + .      Faith    .   c - +0 buckler
rNeg    . . .      Spirit   .   A - +0 chain mail {rC+}
rPois   .          Reflect  +   (helmet restricted)
rElec   .          Harm     .   t - scarf {+Inv}
rCorr   .          Rampage  .   C - +0 pair of gloves
Will    .....                   r - +1 pair of boots
Stlth   ..........              h - amulet of reflection
HPRegen 0.28/turn               H - ring of protection from cold
MPRegen 0.12/turn               (no ring)

@: hasted, very quick
A: horns 2, retaliatory headbutt
a: Renounce Religion, Evoke Invisibility, Potion Petition, Call Merchant, Bribe
Branch


You were on level 2 of the Lair of Beasts.
You worshipped Gozag.
Gozag was pleased with you.
You visited 2 branches of the dungeon, and saw 15 of its levels.

You collected 2328 gold pieces.
You spent 300 gold pieces at shops.
You paid 1089 gold pieces to Gozag.

Inventory:

Hand Weapons
 a - a +1 war axe
 p - the +8 woodcutter's axe {vorpal}
   (You found it on level 3 of the Dungeon)

   It inflicts extra damage upon your enemies.
 E - a +2 war axe of flaming (weapon)
 I - a +0 hand axe of flaming
Missiles
 B - a throwing net (quivered)
Armour
 b - a +0 scale mail
 c - a +0 buckler (worn)
 r - a +1 pair of boots (worn)
 t - a scarf of invisibility (worn)
 A - a +0 chain mail of cold resistance (worn)
 C - a +0 pair of gloves (worn)
 L - a +2 leather armour of fire resistance
Magical Staves
 J - a staff of fire
Jewellery
 e - a ring of ice
 h - an amulet of reflection (around neck)
 y - a ring of ice
 D - an amulet of guardian spirit
 H - a ring of protection from cold (left hand)
 M - a ring of positive energy
Wands
 i - a wand of flame (15)
 q - a wand of polymorph (2)
Scrolls
 f - 5 scrolls of teleportation
 g - 2 scrolls of silence
 o - 3 scrolls of blinking
 u - a scroll of immolation
 v - 2 scrolls of enchant armour
 x - 3 scrolls of identify
 z - a scroll of fog
Potions
 d - a potion of might
 j - 3 potions of curing
 k - 4 potions of attraction
 l - 3 potions of mutation {unknown}
 m - 4 potions of brilliance {unknown}
 n - 6 potions of haste
 s - 2 potions of degeneration {unknown}
 w - a potion of berserk rage {unknown}
 F - 4 potions of heal wounds {unknown}
 G - 2 potions of resistance {unknown}
 K - a potion of cancellation {unknown}


   Skills:
 + Level 12.0 Fighting
 * Level 14.9 Axes
 + Level 12.0 Armour
 + Level 10.5 Dodging
 + Level 7.5 Shields


You had 11 spell levels left.
You didn't know any spells.
Your spell library contained the following spells:

 Spells                   Type           Power      Damage    Failure   Level
 Magic Dart               Conj           0%         1d3       96%         1
 Summon Small Mammal      Summ           0%         N/A       96%         1
 Blink                    Tloc           0%         N/A       99%         2
 Call Imp                 Summ           0%         N/A       99%         2
 Call Canine Familiar     Summ           0%         N/A       100%        3
 Lesser Beckoning         Tloc           0%         N/A       100%        3
 Mephitic Cloud           Conj/Pois/Air  0%         N/A       100%        3
 Portal Projectile        Hex/Tloc       0%         N/A       100%        3
 Spider Form              Tmut/Pois      0%         N/A       100%        3
 Summon Guardian Golem    Hex/Summ       0%         N/A       100%        3
 Hailstorm                Conj/Ice       0%         3d3       100%        4
 Ice Form                 Ice/Tmut       0%         N/A       100%        4
 Blade Hands              Tmut           0%         N/A       100%        5
 Excruciating Wounds      Necr           0%         N/A       100%        5
 Fireball                 Conj/Fire      0%         3d3       100%        5
 Manifold Assault         Tloc           0%         N/A       100%        5
 Simulacrum               Ice/Necr       0%         N/A       100%        6
 Starburst                Conj/Fire      0%         6d3       100%        6
 Ignition                 Fire           0%         3d3       100%        8


Dungeon Overview and Level Annotations

Branches:
Dungeon (13/15)            Temple (0/1) D:6            Lair (2/6) D:11
    Orc (0/2) D:12
  Swamp: Lair:2-4    Shoals: Lair:2-4     Snake: Lair:2-4    Spider: Lair:2-4
 Vaults: D:13-14

Altars:
Ashenzari
Gozag
Hepliaklqana
Makhleb
Ru
Trog
Wu Jian
Xom
Yredelemnul
The Shining One
Beogh

Shops:
D:9 :   D:12 (


Innate Abilities, Weirdness & Mutations

You have a pair of horns on your head.
You reflexively headbutt those who attack you in melee.


Message History

The blast of flame hits you!!
A lindwurm comes into view.
The lindwurm roars!
You hear a croak.
The lindwurm breathes flames at you. The blast of flame hits you!!
You see here a +0 broad axe.
You hit the lindwurm. You burn the lindwurm.
The lindwurm is lightly wounded.
You block the lindwurm's attack.
The lindwurm claws you but does no damage.
The lindwurm closely misses you.
You hit the lindwurm. You burn the lindwurm.
The lindwurm is lightly wounded.
The lindwurm bites you. You block the lindwurm's attack. x2
You hit the lindwurm. You burn the lindwurm.
The lindwurm is moderately wounded.
You barely miss the lindwurm. The lindwurm closely misses you.
You block the lindwurm's attack. The lindwurm closely misses you.
You barely miss the lindwurm.
The lindwurm is moderately wounded.
You slash the lindwurm! You burn the lindwurm. The lindwurm bites you!
The lindwurm claws you but does no damage.
The lindwurm claws you. The lindwurm breathes flames at you.
The blast of flame hits you!!
* * * LOW HITPOINT WARNING * * *
You completely miss the lindwurm.
The lindwurm is moderately wounded.
You hit the lindwurm but do no damage. The lindwurm bites you!
* * * LOW HITPOINT WARNING * * *
The lindwurm barely misses you.
The lindwurm claws you but does no damage.
The lindwurm breathes flames at you. The blast of flame hits you!
* * * LOW HITPOINT WARNING * * *
It was a potion of haste.
You feel yourself speed up.
The lindwurm bites you but does no damage.
The lindwurm completely misses you. The lindwurm claws you.
You die...
Your body crumbles into a pile of gold.

# #. ### ## ≈####.#
####.###P###
.......##..........#
..§...k..........###
#§#≈≈####.........# #
###.......#. ##kk....... $$
#)@.....##. ##....### ###
#...### #########.# ##....#
##..#....#.# ##P.## ##
#..........# ##.###P#
##..........######...#..##P#
#...........'>..............
##..........########.PP###..


You could see 2 lindwurms.

Vanquished Creatures
  An ettin (D:11)
  A boulder beetle (D:11)
  2 centaur warriors (D:11)
  2 hydras
  4 two-headed ogres
  A skeletal warrior (D:12)
  Pikel (D:4)
  An ugly thing (D:11)
  A deep elf pyromancer (D:12)
  A manticore (D:11)
  A cyclops (D:11)
  A black mamba (Lair:1)
  The ghost of DemonSlayer the Thaumaturge, a novice DECj (D:6)
  2 cane toads (Lair:1)
  A gargoyle (D:11)
  An unseen horror (D:11)
  A tengu conjurer (D:10)
  A troll (D:11)
  A shadow (D:10)
  A spriggan (shapeshifter) (D:10)
  A vampire (D:11)
  4 wyverns
  2 wraiths
  13 yaks
  4 basilisks
  2 steam dragons (D:8)
  2 vampire mosquitoes (D:12)
  Edmund (D:6)
  An acid dragon (D:11)
  10 water moccasins
  A sky beast (D:7)
  A black bear (D:6)
  2 necrophages (D:7)
  2 ogres
  6 orc warriors
  4 centaurs
  A lemure (D:5)
  A kobold brigand (D:9)
  5 bullfrogs
  3 scorpions
  A wyvern zombie (D:5)
  A water moccasin skeleton (D:4)
  10 killer bees
  10 centaur zombies
  A jelly (D:6)
  2 hounds (D:6)
  2 gnoll shamans
  6 orc priests
  A centaur skeleton (D:5)
  5 iguanas
  A bullfrog skeleton (D:4)
  Natasha (thrice) (D:2)
  7 orc wizards
  3 killer bee zombies
  9 gnolls
  3 adders
  A shadow imp (D:6)
  A white imp (D:8)
  An ufetubus (D:7)
  A worm (D:2)
  4 dart slugs
  32 orcs
  2 endoplasms
  3 giant cockroaches
  12 goblins
  5 hobgoblins
  2 jackals (D:2)
  A quokka (D:3)
  5 ball pythons
  4 bats (D:2)
  A frilled lizard (D:1)
  10 kobolds
  A quokka skeleton (D:4)
  6 rats
  A spectral orc (D:10)
250 creatures vanquished.

Vanquished Creatures (others)
  A dancing weapon (D:6)
  4 fungi
  36 plants
41 creatures vanquished.

Grand Total: 291 creatures vanquished

Notes
Turn   | Place    | Note
-------+----------+-------------------------------------------
     0 | D:1      | crazypyro the Minotaur Fighter began the quest for the Orb.
     0 | D:1      | Reached XP level 1. HP: 19/19 MP: 0/0
   133 | D:1      | Reached skill level 3 in Axes
   230 | D:1      | Found a faded altar of an unknown god.
   237 | D:1      | Reached XP level 2. HP: 26/26 MP: 1/1
   525 | D:1      | Reached skill level 4 in Axes
   682 | D:2      | Reached XP level 3. HP: 31/31 MP: 2/2
   843 | D:2      | Noticed Natasha
   849 | D:2      | Killed Natasha
   850 | D:2      | Reached skill level 5 in Axes
   974 | D:2      | Reached XP level 4. HP: 37/39 MP: 3/3
  1180 | D:2      | Noticed Natasha
  1188 | D:2      | Killed Natasha
  1189 | D:2      | Reached skill level 6 in Axes
  1631 | D:2      | Noticed Natasha
  1635 | D:2      | Killed Natasha
  1636 | D:2      | Reached XP level 5. HP: 35/45 MP: 4/4
  2051 | D:3      | Found the +8 woodcutter's axe {vorpal}
  2709 | D:4      | Reached skill level 1 in Dodging
  2881 | D:4      | Reached XP level 6. HP: 46/52 MP: 5/5
  3578 | D:5      | Entered Level 5 of the Dungeon
  3624 | D:5      | Reached XP level 7. HP: 60/60 MP: 6/6
  3640 | D:5      | Noticed Pikel
  3666 | D:4      | Killed Pikel
  3667 | D:4      | Reached skill level 5 in Fighting
  3667 | D:4      | Reached skill level 5 in Armour
  3667 | D:4      | Reached skill level 5 in Shields
  3946 | D:5      | Reached XP level 8. HP: 70/70 MP: 7/7
  4191 | D:5      | Found a hazy altar of Hepliaklqana.
  4198 | D:5      | Found an opulent altar of Gozag.
  4202 | D:5      | Became a worshipper of Gozag Ym Sagoz the Greedy
  4361 | D:6      | Noticed Edmund
  4370 | D:6      | Killed Edmund
  4787 | D:6      | Found a runed translucent door.
  4788 | D:6      | Found a shimmering altar of Xom.
  4788 | D:6      | Noticed a +1 dagger of chaos
  4788 | D:6      | Noticed DemonSlayer's ghost (novice DECj)
  5014 | D:6      | Found a staircase to the Ecumenical Temple.
  5138 | D:6      | Reached skill level 5 in Dodging
  5717 | D:7      | Reached XP level 9. HP: 69/79 MP: 8/8
  5997 | D:7      | Found a sacrificial altar of Ru.
  6021 | D:7      | Reached skill level 7 in Axes
  6451 | D:7      | Got the Handbook of Unstable Battle Magic
  6597 | D:6      | Killed a +1 dagger of chaos
  6598 | D:6      | Reached skill level 8 in Axes
  6599 | D:6      | Killed DemonSlayer's ghost
  6870 | D:8      | Found a burning altar of Makhleb.
  7043 | D:8      | Reached skill level 9 in Axes
  7308 | D:8      | Reached XP level 10. HP: 67/90 MP: 9/9
  7670 | D:8      | Found the +4 dagger "Morg" {pain, Will+ Int+5}
  7684 | D:8      | Found an ornate altar of the Wu Jian Council.
  8010 | D:9      | Found a bloodstained altar of Trog.
  8027 | D:9      | Found a broken altar of Ashenzari.
  8620 | D:9      | Reached skill level 10 in Axes
  8861 | D:10     | Entered Level 10 of the Dungeon
  8956 | D:10     | Found a glowing golden altar of the Shining One.
  9066 | D:10     | Noticed a two-headed ogre
  9080 | D:10     | Killed a two-headed ogre
  9081 | D:10     | Reached skill level 11 in Axes
  9363 | D:10     | Found a basalt altar of Yredelemnul.
  9754 | D:11     | Reached XP level 11. HP: 22/94 MP: 10/10
  9758 | D:11     | Reached skill level 10 in Fighting
  9758 | D:11     | Reached skill level 10 in Armour
  9786 | D:11     | Reached skill level 12 in Axes
 10165 | D:11     | Found a staircase to the Lair.
 10196 | D:11     | Noticed an eight-headed hydra
 10267 | D:11     | Found an opulent altar of Gozag.
 10425 | D:11     | Noticed a brown ugly thing
 10434 | D:11     | Noticed a centaur warrior
 10434 | D:11     | Noticed an ettin
 10441 | D:11     | Killed a centaur warrior
 10449 | D:11     | Killed a brown ugly thing
 10770 | D:11     | Killed an ettin
 10886 | D:11     | Reached skill level 13 in Axes
 11075 | D:11     | Noticed a centaur warrior
 11075 | D:11     | Noticed a boulder beetle
 11087 | D:11     | Killed a centaur warrior
 11163 | D:11     | Killed a boulder beetle
 11731 | D:11     | Reached XP level 12. HP: 106/110 MP: 11/11
 12198 | D:12     | Noticed a two-headed ogre
 12207 | D:12     | Killed a two-headed ogre
 12561 | D:12     | Noticed a two-headed ogre
 12567 | D:12     | Killed a two-headed ogre
 12617 | D:12     | Reached skill level 14 in Axes
 12619 | D:12     | Reached skill level 10 in Dodging
 12656 | D:12     | Found a staircase to the Orcish Mines.
 12741 | D:12     | Bought a glowing war axe for 156 gold pieces
 12741 | D:12     | Bought a glowing hand axe for 144 gold pieces
 12833 | D:11     | Killed a four-headed hydra
 13093 | D:11     | Noticed a two-headed ogre
 13103 | D:11     | Killed a two-headed ogre
 13718 | Lair:1   | Entered Level 1 of the Lair of Beasts
 14602 | Lair:1   | Noticed an eight-headed hydra
 14611 | Lair:1   | Killed a three-headed hydra
 15053 | Lair:2   | HP: 1/112 [lindwurm/blast of flame (9)]
 15054 | Lair:2   | Slain by a lindwurm

Illustrated notes

Levels and vault maps discovered:
D:1:      minmay_arrival_cross, layout_basic, ebering_ecumenical_altar_mist
D:2:      layout_loops_ring, minmay_fractal_squares_gapless_5, uniq_natasha
D:3:      corexii_shack_village, layout_loops_ring
D:4:      layout_basic
D:5:      layout_rooms, mainiacjoe_overflow_big_doors, uniq_pikel
D:6:      layout_gridville, temple_green, ebering_ghost_xom, nrook_mini_vaults,
          uniq_edmund
D:7:      layout_basic, kennysheep_mini_moat, st_stairs_1
D:8:      layout_cave_pods, mainiacjoe_overflow_catwalk,
          nicolae_wu_jian_glorious_leap
D:9:      layout_roguey, mainiacjoe_overflow_large_starburst,
          minmay_misc_feat_rows, st_stairs_4
D:10:     layout_roguey, nicolae_tso_carved_into_rock,
          yredelemnul_forgotten_temple_becter
D:11:     nzn_winding_woodlands_cross [nzn_winding_woodlands_5x15_zeroes,
          nzn_winding_woodlands_5x15_jagged, nzn_winding_woodlands_5x15_pockets,
          nzn_winding_woodlands_5x15_cabin,
          nzn_winding_woodlands_15x15_five_gardens], layout_long_grid,
          minmay_lair_entry_grove, dk_noncrumbling_4,
          nicolae_gozag_cash_rules_everything_around_me
D:12:     layout_irregular_city, minmay_orc_entry_temple_small
D:13:     layout_loops_corners, ximxim_vaults_locker_room,
          ebering_ghost_funeral_grove, uniq_frances
Lair:1:   layout_cave_shapes
Lair:2:   layout_roguey, minmay_shoals_entry_lonely_mermaid,
          nicolae_lair_lindhole

Skill      XL: |  1  2  3  4  5  6  7  8  9 10 11 12 |
---------------+-------------------------------------+-----
Axes           | 3 4 5 6 9 11 13 14 | 14.9
Dodging        | 1 2 4 5 6 8 9 10 | 10.5
Shields        | 4 5 7 |  7.5
Fighting       | 4 5 7 8 9 11 12 | 12.0
Armour         | 4 5 7 8 9 11 12 | 12.0

Action                   |  1- 3 |  4- 6 |  7- 9 | 10-12 || total
-------------------------+-------+-------+-------+-------++-------
Melee: War axe           |    58 |    95 |   126 |   363 ||   642
       Headbutt          |     5 |    15 |    20 |    81 ||   121
Throw: Throwing net      |       |       |       |     1 ||     1
Invok: Call Merchant     |       |       |       |     2 ||     2
  Use: Scroll            |     2 |     4 |     3 |     2 ||    11
       Potion            |       |       |       |     3 ||     3
 Stab: Distracted        |       |       |       |     1 ||     1
Armor: Scale mail        |    21 |    18 |    40 |    15 ||    94
       Chain mail        |       |       |       |   196 ||   196
Dodge: Dodged            |    23 |    30 |    50 |   156 ||   259
Block: Buckler           |    26 |    44 |    51 |   194 ||   315
       Reflection        |     1 |     2 |     2 |     3 ||     8
